Map: Neon Violet Square LE

Players

Elazer

  • Race: Zerg Zerg
  • Spawn Location: 5:00

Maru - Winner!

  • Race: Terran Terran
  • Spawn Location: 11:00

Event: WESG 2017 Haikou

VOD

Have the link to the VOD?

Description

Time

  • Played on: March 14, 2018, 2:18 a.m.
  • Length: 22:44

All games in this series

Show
View Real Time Build Order
Export as new Build Order

Elazer Zerg 

Build Orders: Hatch First, Brood Lord Corruptor 

Get SALT Encoding   

  12  0:00  Drone  
  13  0:13  Overlord  
  13  0:18  Drone  
  14  0:31  Drone x2  
  16  0:48  Hatchery  
  15  0:52  Drone  
  15  0:56  Drone  
  17  0:59  Drone  
  18  1:10  Extractor  
  17  1:15  Spawning Pool  
  17  1:18  Drone  
  17  1:21  Drone  
  18  1:29  Drone  
  19  1:41  Drone  
  20  1:50  Overlord  
  20  2:01  Queen x2  
  20  2:02  Zergling x4  
  26  2:10  Metabolic Boost  
  26  2:12  Drone  
  26  2:14  Drone  
  28  2:22  Drone x2  
  30  2:37  Hatchery  
  30  2:38  Drone  
  30  2:41  Drone  
  30  2:47  Queen  
  32  2:52  Overlord  
  32  2:55  Drone  
  33  2:58  Drone  
  33  3:00  Drone  
  35  3:11  Drone x3  
  35  3:12  Drone  
  39  3:17  Overlord  
  39  3:18  Drone  
  40  3:20  Drone  
  40  3:23  Queen  
  43  3:36  Drone x2  
  43  3:37  Drone  
  43  3:40  Drone x3  
  49  3:42  Drone  
  50  3:49  Overlord  
  50  3:50  Drone  
  51  3:56  Overlord  
  51  3:58  Evolution Chamber  
  50  4:07  Overlord, Queen x2  
  50  4:08  Drone x3  
  57  4:16  Drone x4  
  61  4:19  Overlord  
  61  4:28  Zerg Ground Armor Level 1  
  61  4:29  Zergling x10  
  66  4:31  Drone x2  
  66  4:32  Drone  
  66  4:33  Zergling x2  
  66  4:34  Zergling x2  
  66  4:37  Drone  
  72  4:40  Overlord  
  72  4:43  Zergling x2  
  73  4:46  Queen  
  73  4:47  Queen  
  73  4:49  Zergling x4  
  73  4:50  Zergling x2  
  73  4:52  Zergling x2  
  81  4:59  Overlord  
  81  5:03  Lair  
  81  5:08  Hatchery  
  80  5:14  Extractor  
  80  5:15  Extractor  
  80  5:19  Drone  
  80  5:20  Drone x10  
  89  5:24  Baneling Nest  
  89  5:26  Overlord  
  88  5:34  Zergling x16  
  95  5:42  Overlord  
  95  5:45  Zergling x2  
  95  5:48  Evolution Chamber  
  95  5:50  Zergling x2  
  95  5:55  Drone, Overlord  
  95  5:56  Zergling x4  
  95  5:57  Hatchery, Zergling x12  
  104  6:04  Overlord  
  103  6:07  Centrifical Hooks  
  103  6:08  Overlord  
  103  6:09  Baneling x2  
  103  6:10  Baneling x2  
  103  6:13  Zergling x6  
  105  6:22  Extractor  
  104  6:29  Drone x4, Extractor  
  104  6:30  Drone x2  
  104  6:31  Hydralisk Den, Drone x3  
  108  6:34  Extractor  
  108  6:36  Baneling  
  108  6:37  Baneling x4, Zergling x2  
  103  6:49  Zergling x8  
  103  6:50  Zergling x4  
  103  6:53  Zergling x8  
  91  6:59  Zergling x12  
  91  7:00  Queen  
  97  7:01  Queen  
  97  7:02  Zergling x2  
  97  7:04  Baneling x2  
  100  7:12  Zergling x8  
  100  7:13  Zerg Ground Armor Level 2  
  100  7:15  Zerg Melee Weapons Level 1  
  100  7:17  Zergling x4  
  100  7:22  Zergling x2  
  98  7:23  Zergling x4  
  98  7:26  Muscular Augments  
  100  7:30  Hydralisk x3  
  100  7:32  Baneling x2, Zergling x2  
  100  7:33  Zergling x12  
  107  7:48  Drone x3  
  107  7:49  Hydralisk  
  107  7:50  Hydralisk x4  
  119  7:56  Drone x4  
  119  8:01  Drone x2  
  117  8:06  Drone x2  
  117  8:07  Hydralisk x4  
  117  8:12  Drone x2  
  129  8:13  Baneling  
  129  8:14  Baneling x4  
  122  8:20  Hydralisk x2  
  122  8:26  Hydralisk x2  
  121  8:28  Zergling x18  
  121  8:34  Overlord x2  
  130  8:35  Infestation Pit  
  129  8:42  Grooved Spines  
  129  8:43  Zergling x6  
  129  8:44  Zergling x4  
  134  8:50  Overlord x2  
  121  9:05  Zergling x34  
  138  9:12  Extractor, Hive  
  138  9:15  Baneling x6  
  138  9:16  Baneling  
  137  9:20  Zergling x8  
  137  9:23  Hatchery  
  140  9:25  Zergling x10  
  145  9:33  Drone x3  
  148  9:39  Overlord  
  148  9:42  Baneling x6  
  148  9:44  Zergling x22  
  148  9:45  Zergling x2  
  158  9:56  Zergling x18  
  158  9:57  Zergling x4  
  164  10:10  Baneling  
  164  10:11  Baneling x7  
  164  10:12  Hydralisk x3  
  169  10:15  Overlord  
  169  10:22  Zergling x8  
  169  10:23  Hatchery  
  172  10:28  Hatchery  
  172  10:31  Baneling x10  
  171  10:36  Viper x2  
  171  10:37  Viper  
  180  10:44  Baneling x12  
  180  10:52  Zerg Ground Armor Level 3  
  168  11:05  Spire  
  168  11:07  Zergling x20  
  172  11:14  Hatchery, Zergling x2  
  172  11:15  Zergling x12  
  178  11:23  Overlord  
  178  11:27  Zergling x10  
  178  11:32  Baneling x8  
  174  11:33  Baneling  
  174  11:34  Baneling x3  
  174  11:35  Zergling x10  
  179  11:40  Baneling x9  
  179  11:43  Zerg Melee Weapons Level 2  
  177  11:55  Baneling x13  
  156  12:09  Zergling x2  
  156  12:10  Zergling x32  
  157  12:17  Burrow  
  157  12:20  Hydralisk  
  157  12:21  Zergling x8  
  157  12:22  Zergling x4  
  152  12:41  Greater Spire  
  145  12:50  Zergling x18  
  140  12:55  Drone x2  
  140  12:57  Corruptor x4  
  150  13:00  Baneling  
  150  13:01  Baneling x6  
  150  13:05  Hatchery  
  149  13:08  Corruptor x2  
  149  13:12  Baneling  
  153  13:13  Baneling x6  
  153  13:20  Corruptor x2  
  153  13:24  Baneling x4  
  153  13:25  Baneling x8  
  156  13:37  Zergling x2  
  158  13:41  Zergling x16  
  158  13:42  Zergling x8  
  169  13:50  Baneling x8  
  165  13:59  Brood Lord  
  165  14:00  Brood Lord x2, Zergling x2  
  165  14:01  Zergling x26  
  183  14:12  Brood Lord x2  
  176  14:31  Brood Lord x2  
  176  14:35  Extractor  
  176  14:37  Drone x2  
  176  14:38  Drone, Zerg Missile Weapons Level 1  
  178  14:42  Hatchery  
  178  14:44  Brood Lord  
  177  14:53  Corruptor  
  177  14:54  Corruptor  
  177  14:55  Zergling x2  
  177  14:56  Zergling x22  
  186  15:11  Baneling x2  
  186  15:14  Baneling x3  
  186  15:15  Baneling  
  186  15:19  Zerg Flyer Armor Level 1  
  186  15:22  Extractor  
  185  15:29  Overseer x2  
  185  15:30  Overseer, Pneumatized Carapace  
  185  15:33  Spore Crawler x2  
  185  15:34  Spore Crawler x2  
  181  15:35  Spore Crawler x2  
  181  15:36  Baneling x3, Spore Crawler x2  
  181  15:37  Spore Crawler  
  176  15:43  Brood Lord x2  
  174  15:57  Infestor, Baneling x9  
  174  16:00  Infestor  
  174  16:01  Zergling x2  
  174  16:02  Zergling x16  
  187  16:10  Baneling x2  
  182  16:20  Drone x5  
  182  16:21  Drone  
  167  16:40  Zergling x6  
  167  16:41  Zergling x12  
  167  16:43  Zergling x14  
  173  16:51  Infestor  
  173  16:52  Infestor x2  
  176  17:09  Hatchery  
  176  17:13  Corruptor x3  
  181  17:16  Infestor x3  
  181  17:19  Zerg Flyer Weapons Level 1  
  183  17:27  Drone x6  
  183  17:29  Infestor  
  189  17:30  Infestor  
  188  17:40  Hatchery  
  164  17:59  Corruptor  
  164  18:00  Corruptor x3, Zergling x2  
  164  18:01  Zergling x20  
  167  18:20  Brood Lord x2  
  167  18:21  Zergling x10  
  149  18:35  Zergling x4  
  149  18:36  Zergling x16  
  149  18:41  Baneling x9  
  159  18:49  Extractor  
  159  18:52  Baneling x3  
  159  18:54  Brood Lord  
  160  18:56  Zergling x2  
  160  18:57  Zergling x18  
  170  19:06  Brood Lord x2  
  174  19:21  Drone x3  
  176  19:24  Brood Lord, Baneling x3  
  176  19:26  Hatchery  
  176  19:28  Hatchery  
  176  19:35  Overseer  
  125  20:01  Drone x6  
  125  20:06  Corruptor x3  
  125  20:07  Corruptor  
  135  20:18  Zergling x18  
  142  20:26  Zergling x2  
  143  20:29  Infestor x2  
  147  20:42  Zergling x14  
  154  20:43  Zergling x4  
  155  20:58  Brood Lord  
  155  21:00  Zergling x2  
  155  21:01  Zergling x18  
  167  21:10  Overseer  
  165  21:18  Brood Lord  
  166  21:19  Drone x3  
  166  21:20  Drone x2  
  166  21:25  Extractor x2  
  160  21:33  Zergling x8  
  160  21:34  Hatchery  
  163  21:44  Brood Lord, Zergling x8  
  166  21:54  Drone  
  166  21:55  Drone x2  
  163  22:09  Brood Lord  
  163  22:13  Hatchery  
  164  22:20  Zergling x20  
  164  22:22  Zergling x2  
Show
View Real Time Build Order
Export as new Build Order

Maru Terran - Winner!

Build Orders: Reaper Expand, Bio Tank 

Get SALT Encoding   

  12  0:01  SCV  
  13  0:13  SCV  
  14  0:17  Supply Depot  
  14  0:25  SCV  
  15  0:39  SCV  
  15  0:40  Barracks  
  16  0:45  Refinery  
  16  0:51  SCV  
  17  1:03  SCV  
  18  1:15  SCV  
  19  1:27  Orbital Command  
  19  1:29  Reaper  
  20  1:40  Command Center  
  20  1:53  Barracks  
  20  1:54  SCV  
  21  2:03  Barracks Reactor  
  21  2:06  SCV  
  22  2:10  Supply Depot  
  22  2:13  Refinery  
  22  2:18  SCV  
  23  2:24  Factory  
  23  2:31  SCV  
  24  2:42  Barracks Tech Lab, Marine x2  
  24  2:43  SCV  
  27  2:53  Orbital Command  
  27  2:55  SCV  
  28  3:00  Stimpack  
  28  3:03  Marine x2  
  30  3:05  Marine  
  30  3:09  SCV  
  32  3:15  Starport  
  32  3:18  SCV  
  33  3:21  Factory Reactor  
  33  3:23  Marine  
  33  3:25  Marine  
  33  3:26  Marine  
  36  3:28  SCV  
  36  3:31  SCV  
  38  3:34  Supply Depot  
  38  3:40  SCV  
  39  3:46  Marine x2  
  39  3:47  Marine  
  39  3:48  SCV  
  42  3:52  SCV  
  43  3:57  Supply Depot  
  43  4:00  SCV  
  44  4:03  Medivac x2  
  44  4:04  Marine  
  44  4:05  SCV, Marine  
  44  4:07  Marine  
  52  4:12  SCV  
  52  4:14  Supply Depot  
  52  4:17  SCV  
  54  4:22  Engineering Bay  
  54  4:24  SCV  
  54  4:27  Engineering Bay  
  54  4:29  SCV  
  54  4:31  Marine  
  57  4:32  Marine  
  57  4:33  Marine  
  57  4:36  SCV  
  57  4:37  Supply Depot  
  60  4:42  SCV  
  61  4:48  SCV, Terran Infantry Weapons Level 1  
  61  4:52  Marine x3  
  64  4:54  Terran Infantry Armor Level 1  
  64  4:57  Supply Depot  
  65  5:04  Combat Shields  
  65  5:10  Marine x3, Command Center  
  67  5:24  SCV  
  67  5:25  SCV  
  67  5:28  Marine x3, Medivac  
  73  5:31  Medivac  
  76  5:37  Barracks  
  76  5:38  Barracks  
  76  5:40  Barracks  
  76  5:43  SCV x2  
  76  5:45  Marine  
  76  5:47  Marine, Supply Depot  
  80  5:54  Factory Tech Lab  
  80  5:55  SCV  
  81  6:00  Refinery  
  81  6:01  Refinery  
  81  6:04  Marine x2  
  78  6:05  SCV, Marine  
  81  6:14  SCV  
  81  6:17  SCV  
  81  6:18  Siege Tank  
  86  6:21  Marine x2  
  86  6:23  Marine  
  89  6:27  SCV  
  89  6:28  Barracks Reactor x3  
  90  6:39  Marine x2  
  93  6:40  SCV  
  93  6:41  SCV, Marine  
  84  6:56  Siege Tank  
  84  6:57  Marine x2  
  84  6:58  Medivac  
  84  6:59  Marine  
  89  7:05  Armory  
  89  7:07  SCV x2  
  91  7:10  Marine  
  91  7:15  Orbital Command, Marine x2  
  89  7:16  Marine  
  89  7:20  Marine x3  
  89  7:21  Marine  
  89  7:22  SCV  
  93  7:29  Marine  
  93  7:32  Marine  
  93  7:33  Marine x2  
  93  7:34  Siege Tank, Marine  
  93  7:36  SCV  
  101  7:37  Marine  
  101  7:38  Marine x2  
  101  7:44  Marine  
  97  7:45  Medivac x2  
  97  7:46  SCV  
  97  7:47  Marine  
  97  7:50  Marine x2  
  97  7:51  Marine  
  106  7:52  Marine  
  106  7:55  Marine  
  106  7:57  Terran Infantry Weapons Level 2  
  106  7:58  SCV x2  
  107  8:01  Supply Depot  
  107  8:04  Marine x2  
  107  8:07  Marine  
  107  8:08  Terran Infantry Armor Level 2, Marine  
  109  8:14  Supply Depot  
  109  8:18  SCV  
  109  8:19  Marine, Medivac  
  108  8:23  Medivac  
  108  8:26  Marine x8  
  109  8:29  SCV  
  109  8:30  Refinery  
  109  8:31  Refinery  
  109  8:32  Terran Vehicle Weapons Level 1  
  111  8:37  Marine  
  112  8:44  Marine x6  
  112  8:47  SCV  
  119  8:50  Marine x2, Supply Depot  
  119  8:52  Factory  
  119  8:54  Marine  
  122  9:01  Siege Tank  
  122  9:02  Marine x6  
  115  9:08  Marine x2  
  116  9:11  SCV x2  
  116  9:12  Marine  
  116  9:13  SCV  
  116  9:14  Supply Depot x2  
  120  9:19  Marine  
  120  9:23  Command Center  
  121  9:30  Marine x2  
  121  9:31  Marauder, Concussive Shells  
  125  9:33  Siege Tank  
  125  9:34  Marine x4  
  132  9:39  Supply Depot, Factory Tech Lab  
  132  9:42  Marine  
  132  9:45  Supply Depot  
  133  9:53  Marine  
  133  9:54  Marauder, Marine x3  
  133  9:58  SCV x3  
  137  10:00  Marine x2  
  137  10:01  Marine  
  137  10:05  Medivac  
  141  10:07  Medivac  
  141  10:11  Siege Tank  
  141  10:13  Siege Tank  
  149  10:15  Marauder  
  149  10:18  Supply Depot  
  151  10:24  Sensor Tower  
  151  10:28  Terran Infantry Weapons Level 3  
  150  10:34  Terran Infantry Armor Level 3  
  150  10:37  Marauder  
  150  10:38  Planetary Fortress  
  150  10:42  Medivac  
  154  10:43  Siege Tank  
  157  10:50  Terran Vehicle Weapons Level 2  
  157  10:51  Marine x2  
  157  10:55  Marine  
  159  10:58  Marauder  
  159  10:59  Liberator x2  
  161  11:04  Barracks x2  
  161  11:09  Marine x3  
  161  11:10  Marine x3  
  161  11:11  Siege Tank, Marine  
  165  11:13  Marine  
  175  11:20  Marauder  
  175  11:22  Barracks  
  175  11:24  Siege Tank  
  180  11:27  Marine x4  
  180  11:31  Marine  
  181  11:37  Marine x3  
  184  11:41  Marauder  
  184  11:45  Marine  
  187  11:48  Command Center  
  187  12:00  Marine  
  174  12:02  Marauder  
  174  12:07  Marine x2  
  159  12:14  Siege Tank x2  
  151  12:16  Barracks Tech Lab x2  
  151  12:18  Medivac x2  
  151  12:19  Orbital Command  
  151  12:21  Marine x6  
  159  12:24  Marauder  
  141  12:45  Marauder, Marine  
  141  12:46  Marauder, Siege Tank  
  141  12:47  Marine  
  141  12:48  Marauder, Marine x2, Medivac x2  
  141  12:52  Barracks Tech Lab  
  141  12:53  Marine x3  
  141  12:57  Sensor Tower  
  144  13:00  Siege Tank  
  147  13:06  Marauder  
  147  13:07  Marauder, Marine x2  
  147  13:10  Marauder  
  155  13:16  Supply Depot  
  155  13:17  Supply Depot  
  155  13:18  Marine x3  
  155  13:19  Marauder  
  160  13:22  Supply Depot  
  160  13:26  Command Center  
  160  13:28  Marauder x2  
  164  13:35  Marauder, Marine x2  
  164  13:40  Ghost Academy  
  164  13:41  Marauder  
  170  13:45  Refinery x2  
  170  13:49  Marauder, Command Center  
  170  13:51  Marauder, Marine  
  175  13:58  Supply Depot  
  175  13:59  Supply Depot x2  
  171  14:06  SCV x3  
  174  14:11  Orbital Command  
  174  14:15  Personal Cloaking  
  174  14:16  Ghost x3  
  180  14:19  Ghost  
  180  14:20  Supply Depot  
  182  14:29  Supply Depot  
  181  14:44  Ghost  
  181  14:45  Ghost x2  
  179  14:50  Refinery  
  179  14:51  Refinery  
  183  14:54  Supply Depot  
  183  15:00  Ghost  
  183  15:01  Marine x6  
  183  15:06  Command Center  
  191  15:12  Sensor Tower  
  191  15:15  Orbital Command  
  191  15:21  Siege Tank  
  194  15:24  Ghost  
  196  15:33  Ghost  
  196  15:34  Viking  
  200  15:41  Nuke  
  194  15:59  Ghost  
  194  16:00  Ghost x2  
  200  16:10  Ghost  
  199  16:18  Command Center  
  192  16:39  Ghost x2  
  175  16:40  Viking x2  
  175  16:41  Ghost  
  175  16:42  Marine x3  
  187  16:47  Planetary Fortress  
  185  17:04  Marauder  
  187  17:09  Marauder x2  
  187  17:10  Viking x2  
  184  17:38  Ghost x2  
  184  17:40  Medivac x2  
  184  17:41  Terran Ship Weapons Level 1  
  184  17:42  Hi-Sec Auto Tracking, Starport, Building Armor  
  184  17:45  Ghost x2  
  167  18:06  Ghost  
  167  18:07  Ghost  
  167  18:09  Nuke  
  167  18:10  Viking, Medivac  
  175  18:13  Ghost x2  
  175  18:14  Orbital Command  
  155  18:35  Ghost x2  
  155  18:36  Marine x2  
  155  18:40  Medivac x2  
  163  18:42  Ghost  
  165  18:57  Starport Tech Lab  
  165  19:00  Command Center  
  165  19:10  Viking, Medivac  
  165  19:13  Command Center  
  165  19:16  Marauder x4, Marine x4  
  180  19:31  Ghost Academy  
  180  19:32  Ghost Academy  
  180  19:40  Viking  
  180  19:47  Viking x2  
  167  19:56  Marine  
  167  19:57  Marauder x2  
  167  19:59  Ghost x2  
  151  20:00  Marine x2  
  151  20:03  Nuke x2  
  155  20:12  Viking  
  145  20:17  Ghost  
  145  20:18  Marauder  
  149  20:22  Nuke  
  149  20:27  Ghost  
  149  20:28  Unknown x4  
  151  20:33  Unknown x7  
  151  20:34  Unknown  
  151  20:37  Ghost  
  151  20:39  Ghost  
  155  20:46  Ghost  
  157  20:56  Ghost  
  157  21:06  Ghost  
  157  21:07  Ghost  
  160  21:12  Marine x3  
  160  21:14  Ghost  
  165  21:22  Planetary Fortress  
  165  21:24  Ghost  
  165  21:27  Marine x3  
  167  21:34  Ghost  
  167  21:37  Marauder  
  171  21:40  Viking x2  
  171  21:41  Viking  
  171  21:44  Marauder  
  179  21:52  Marine  
  179  21:54  Marauder  
  182  21:58  Marauder  
  182  22:04  Marauder  
  182  22:05  Marauder  
  186  22:14  Ghost  
  187  22:19  Marauder  
Tags
 
Add a new tag
Caveats
  • Supply blocks, unpowered buildings, or Contaminate may cause inaccurate times.
  • Supply counts are checked every 10 seconds.